 Dungeon Crawl Stone Soup version 0.31-a0-232-gb1c03b2570 (webtiles) character file.

Game seed: 13266435749660925290

694 qw the Skirmisher (level 7, 0/60 HPs)
             Began as a Minotaur Hexslinger on July 7, 2023.
             Slain by Pikel
             ... wielding a +1 whip of freezing
              (5 damage)
             ... on level 5 of the Dungeon.
             The game lasted 00:01:39 (3256 turns).

qw the Skirmisher (Minotaur Hexslinger)             Turns: 3256, Time: 00:01:39

Health: 0/60       AC:  7    Str: 23      XL:     7   Next: 37%
Magic:  7/7        EV: 11    Int:  9      God:
Gold:   272        SH:  0    Dex: 11 (13) Spells: 7/8 levels left

rFire   . . .        Y - +2 sling
rCold   . . .        (no shield)
rNeg    . . .        e - +0 ring mail
rPois   .            (helmet restricted)
rElec   .            (no cloak)
rCorr   .            (no gloves)
SInv    .            (no boots)
Will    +....        c - amulet of regeneration
Stlth   +            h - +6 ring of strength
HPRegen 1.10/turn    i - ring of willpower
MPRegen 0.10/turn

%: no passive effects
@: no status effects
A: horns 2, retaliatory headbutt, iridescent scales 1, screaming 1, strong 1
a: no special abilities


You were on level 5 of the Dungeon.
You visited 1 branch of the dungeon, and saw 7 of its levels.

You collected 272 gold pieces.


Innate Abilities, Weirdness & Mutations

You have a pair of horns on your head.
You reflexively headbutt those who attack you in melee.
You are partially covered in iridescent scales. (AC +2)
You occasionally shout uncontrollably at your foes.
Your muscles are strong. (Str +4, Int/Dex -1)


   Skills:
 + Level 4.6 Fighting
 - Level 8.0 Ranged Weapons
 - Level 1.0 Armour
 - Level 2.1 Dodging
 - Level 1.0 Spellcasting
 - Level 2.0 Hexes


You had 7 spell levels left.
You knew the following spells:

 Your Spells              Type           Power      Damage    Failure   Level
a - Slow                  Hex            16%        N/A       26%         1

Your spell library contained the following spells:

 Spells                   Type           Power      Damage    Failure   Level
 Inner Flame              Hex/Fire       2%         N/A       75%         3
 Portal Projectile        Hex/Tloc       4%         N/A       75%         3
 Cause Fear               Hex            2%         N/A       94%         4

Inventory:

Hand Weapons
 Y - a +2 sling (weapon)
Armour
 e - a +0 ring mail (worn)
Jewellery
 b - a ring of ice
 c - an amulet of regeneration (around neck)
 h - a +6 ring of strength (left hand)
 i - a ring of willpower (right hand)
Wands
 f - a wand of digging (3)
Scrolls
 d - a scroll of identify
Potions
 g - a potion of might
 j - a potion of enlightenment {unknown}
 k - a potion of haste

Dungeon Overview and Level Annotations

Branches:
Dungeon (7/15)
 Temple: D:4-7

Altars:
Dithmenos
Fedhas
Hepliaklqana
Sif Muna
Uskayaw
Wu Jian
The Shining One

Shops:
D:2 (

Annotations:
D:5 Pikel


Message History

You shoot a sling bullet. The sling bullet misses the lemure.
The lemure shouts!
The sling bullet hits Pikel.
Pikel is moderately wounded.
You shoot a sling bullet.
The sling bullet hits Pikel but does no damage.
Pikel is moderately wounded.
A lemure comes into view. x2
You shoot a sling bullet. The lemure shouts!
The sling bullet hits Pikel.
Pikel is moderately wounded.
Pikel hits you with a +1 whip of freezing!
Pikel freezes you.
You shoot a sling bullet. The sling bullet hits Pikel.
Pikel is heavily wounded.
Pikel hits you with a +1 whip of freezing!
Pikel freezes you. The lemure hits you.
You shoot a sling bullet. The sling bullet barely misses Pikel.
The sling bullet hits the lemure!
The lemure is moderately wounded.
Pikel hits you with a +1 whip of freezing!
Pikel freezes you. The lemure misses you.
You shoot a sling bullet. The sling bullet hits Pikel.
Pikel is heavily wounded.
Pikel hits you with a +1 whip of freezing.
Pikel freezes you. The lemure hits you.
You shoot a sling bullet.
The sling bullet completely misses Pikel.
The sling bullet barely misses the lemure.
Pikel closely misses you. The lemure hits you.
You shoot a sling bullet. The sling bullet hits Pikel.
Pikel is heavily wounded.
Pikel hits you with a +1 whip of freezing.
Pikel freezes you. The lemure hits you. The lemure misses you.
You furiously retaliate!
You headbutt the lemure! You shoot a sling bullet.
The sling bullet barely misses Pikel.
The sling bullet closely misses the lemure.
Pikel hits you with a +1 whip of freezing.
You die...

.. ##...........#
#...)... .
#..........###....).#
#.........##......).
#..............##...
#..................
#........##........
#.....#....####....
##...#.#.....# .#..
#.5@..##......# .##.
#.5K5...#........ .
..........#....#.#..
##..5.....#.$#.#.##.
.............### .
##.####/.... # ...
##..... .. ......


You could see Pikel and 4 lemures.

Vanquished Creatures
  A black bear (D:4)
  An ogre (D:5)
  A scorpion (D:5)
  An orc priest (D:4)
  A hound (D:5)
  A jelly (D:4)
  Ijyb (D:5)
  2 iguanas (D:5)
  2 orc wizards
  5 gnolls (D:3)
  9 adders
  A white imp (D:5)
  A worm (D:5)
  3 dart slugs
  20 orcs
  6 bats
  7 endoplasms
  2 giant cockroaches (D:3)
  9 goblins
  3 hobgoblins
  4 quokkas
  2 ball pythons
  2 frilled lizards
  7 kobolds
92 creatures vanquished.

Notes
Turn   | Place    | Note
-------+----------+-------------------------------------------
     0 | D:1      | qw the Minotaur Hexslinger began the quest for the Orb.
     0 | D:1      | Reached XP level 1. HP: 16/16 MP: 1/1
     0 | D:1      | 0 ||| qw: Version: 0.3-a-46-gb1f654a
     0 | D:1      | 0 ||| qw: Game counter: 2379
     0 | D:1      | 0 ||| qw: Melee chars always use a shield: true
     0 | D:1      | 0 ||| qw: God list: Okawaru
     0 | D:1      | 0 ||| qw: Allow faded altars: false
     0 | D:1      | 0 ||| qw: Do Orc after clearing Dungeon:15 true
     0 | D:1      | 0 ||| qw: Do second Lair branch before Depths: true
     0 | D:1      | 0 ||| qw: Lair rune preference: random
     0 | D:1      | 0 ||| qw: Goals: Normal
     0 | D:1      | 0 ||| PLANNING D:1-11
   260 | D:1      | Found a faded altar of an unknown god.
   305 | D:1      | Reached skill level 3 in Ranged Weapons
   329 | D:1      | Reached XP level 2. HP: 23/23 MP: 2/2
   659 | D:1      | 659 ||| UPGRADING to +0 ring mail.
   669 | D:1      | 669 ||| DROPPING +0 robe.
   670 | D:1      | 670 ||| UPGRADING to +6 ring of strength.
   671 | D:1      | 671 ||| UPGRADING to ring of willpower.
   672 | D:1      | 672 ||| READING scroll labelled KEVOMI IFOCW.
   773 | D:1      | 773 ||| DRINKING 2 fizzy dark potions.
   773 | D:1      | Gained mutation: You do not regenerate when monsters are
                  | visible. [potion of mutation]
   773 | D:1      | Gained mutation: You are vulnerable to heat. (rF-) [potion
                  | of mutation]
   774 | D:1      | 774 ||| DRINKING potion of mutation.
   774 | D:1      | Lost mutation: You are vulnerable to heat. (rF-) [potion of
                  | mutation]
   774 | D:1      | Lost mutation: You do not regenerate when monsters are
                  | visible. [potion of mutation]
   774 | D:1      | Gained mutation: You occasionally shout uncontrollably at
                  | your foes. [potion of mutation]
   774 | D:1      | Gained mutation: You are partially covered in iridescent
                  | scales. (AC +2) [potion of mutation]
   774 | D:1      | Gained mutation: Your muscles are strong. (Str +4, Int/Dex
                  | -1) [potion of mutation]
   775 | D:1      | 775 ||| DROPPING scroll of poison.
  1090 | D:2      | Reached XP level 3. HP: 29/29 MP: 3/3
  1123 | D:2      | Found Zuuvvucs's Weapon Boutique.
  1127 | D:2      | 1127 ||| SHOPLISTING +1 shortbow of freezing (124 gold,
                  | have 50).
  1127 | D:2      | 1127 ||| SHOPLISTING +6 orcbow of Cytez {elec, Int+4} (541
                  | gold, have 50).
  1430 | D:2      | 1430 ||| UPGRADING to amulet of regeneration.
  1435 | D:2      | 1435 ||| READING scroll labelled NOILAONEODGH.
  1436 | D:2      | 1436 ||| READING scroll labelled CURYIP IRAI.
  1437 | D:2      | 1437 ||| READING scroll labelled DUIHEY ZUICSE.
  1438 | D:2      | 1438 ||| READING scroll labelled TEGAUFI WIRENE.
  1439 | D:2      | 1439 ||| DRINKING 2 dark potions.
  1462 | D:2      | 1462 ||| DRINKING 2 green potions.
  1463 | D:2      | 1463 ||| DRINKING 3 glowing brown potions.
  1464 | D:2      | 1464 ||| DROPPING potion of lignification.
  1465 | D:2      | 1465 ||| DROPPING 2 potions of magic.
  1537 | D:3      | Found a glowing golden altar of the Shining One.
  1658 | D:3      | Found a hide-covered altar of Uskayaw.
  1684 | D:3      | Found a hazy altar of Hepliaklqana.
  1684 | D:3      | Found a blossoming altar of Fedhas.
  1692 | D:3      | Reached skill level 4 in Ranged Weapons
  1720 | D:3      | Reached XP level 4. HP: 36/36 MP: 4/4
  1751 | D:3      | Reached skill level 5 in Ranged Weapons
  1800 | D:3      | Found a shadowy altar of Dithmenos.
  1918 | D:3      | Reached XP level 5. HP: 41/42 MP: 5/5
  1988 | D:3      | Reached skill level 3 in Fighting
  2051 | D:3      | Found a shimmering blue altar of Sif Muna.
  2115 | D:3      | Reached skill level 1 in Armour
  2126 | D:3      | Found a faded altar of an unknown god.
  2209 | D:3      | 2209 ||| READING scroll labelled NEPAIM SESUIWE.
  2210 | D:3      | 2210 ||| DRINKING 2 fuming blue potions.
  2211 | D:3      | 2211 ||| DROPPING potion of invisibility.
  2212 | D:3      | 2212 ||| DROPPING potion of degeneration.
  2385 | D:4      | Reached skill level 6 in Ranged Weapons
  2425 | D:4      | 2425 ||| READING scroll labelled UFIERCHU DIGOTU.
  2430 | D:4      | 2430 ||| STAIRDANCE
  2435 | D:4      | You fall into a shaft and drop 3 floors!
  2456 | D:6      | 2456 ||| FLEEEEING.
  2457 | D:6      | 2457 ||| FLEEEEING.
  2462 | D:6      | 2462 ||| STAIRDANCE
  2463 | D:5      | Entered Level 5 of the Dungeon
  2474 | D:5      | Reached XP level 6. HP: 34/52 MP: 6/6
  2504 | D:5      | 2504 ||| FLEEEEING.
  2505 | D:5      | 2505 ||| STAIRDANCE
  2703 | D:4      | Reached skill level 7 in Ranged Weapons
  2810 | D:4      | 2810 ||| READING 3 scrolls labelled MUWNOSCH DIONGI.
  2833 | D:4      | 2833 ||| DRINKING 2 puce potions.
  2834 | D:4      | 2834 ||| DRINKING 2 pink potions.
  2835 | D:4      | 2835 ||| DROPPING potion of attraction.
  2836 | D:4      | 2836 ||| DROPPING 2 scrolls of torment.
  2844 | D:4      | 2844 ||| STAIRDANCE
  2845 | D:3      | Found an ornate altar of the Wu Jian Council.
  3018 | D:5      | Noticed Ijyb
  3042 | D:5      | Killed Ijyb
  3082 | D:5      | Reached XP level 7. HP: 59/59 MP: 7/7
  3182 | D:5      | Reached skill level 8 in Ranged Weapons
  3243 | D:5      | Noticed Pikel
  3254 | D:5      | HP: 11/60 [lemure[Pikel] (6)]
  3255 | D:5      | HP: 4/60 [lemure[Pikel] (6)]
  3256 | D:5      | Slain by Pikel

Levels and vault maps discovered:
D:1:      dpeg_arrival_castle, layout_basic,
          shapermc_ecumenical_altar_starsandcircs
D:2:      layout_basic, serial_shops, shop_statue, minmay_misc_feat_pillars
D:3:      layout_rooms, mainiacjoe_overflow_concentric_impassable,
          nicolae_overflow_ecumenical_swirl, jmf_multi_god_temple,
          lemuel_crystal_altar, tso_metal_star, mainiacjoe_overflow_chevrons,
          minivault_14, wad_floor_pattern_2
D:4:      layout_basic
D:5:      layout_cave_pools, gammafunk_temple_overflow_claw, serial_shops,
          nicolae_shop_just_a_little_nook, uniq_pikel, uniq_prince_ribbit1,
          uniq_ijyb
D:6:      layout_rooms, elyvilon_altar_4, minmay_temple_entry_grid,
          serial_shops, nicolae_diamond_shop, uniq_eustachio
D:7:      lemuel_ratsnest, layout_gridville,
          nicolae_gozag_cash_rules_everything_around_me, nrook_pool_corridor,
          nicolae_titane

Skill      XL: |  1  2  3  4  5  6  7 |
---------------+----------------------+-----
Ranged Weapons | 3 4 5 6 7 8 |  8.0
Fighting       | 2 3 4 |  4.6
Armour         | 1 |  1.0
Dodging        | |  2.1
Spellcasting   | |  1.0
Hexes          | |  2.0

Action                     |  1- 3 |  4- 6 |  7- 9 || total
---------------------------+-------+-------+-------++-------
   Fire: Sling             |    94 |   258 |    57 ||   409
    Use: Potion            |     5 |     3 |       ||     8
         Scroll            |     5 |     3 |       ||     8
 Armour: Robe              |     2 |       |       ||     2
         Ring mail         |    11 |    73 |     3 ||    87
  Dodge: Dodged            |    25 |    91 |    16 ||   132

Table legend:
 A = Non-vault XP
 B = Vault XP
 C = Vault XP percentage of total XP
 D = Non-vault monster count
 E = Vault monster count
 F = Vault count percentage of total count
                 A         B        C        D         E       F
            +---------+---------+-------+---------+---------+-------
      Total |     938 |      54 |   5.4 |      89 |       3 |   3.3
            +---------+---------+-------+---------+---------+-------
        D:1 |      16 |       0 |   0.0 |       7 |       0 |   0.0
        D:2 |      37 |       0 |   0.0 |      15 |       0 |   0.0
        D:3 |     164 |      16 |   8.9 |      26 |       2 |   7.1
        D:4 |     321 |       0 |   0.0 |      22 |       0 |   0.0
        D:5 |     383 |      38 |   9.0 |      17 |       1 |   5.6
        D:6 |      17 |       0 |   0.0 |       2 |       0 |   0.0
            +---------+---------+-------+---------+---------+-------
